 Dungeon Crawl Stone Soup version 0.28-a0-655-g4eb62b627b (webtiles) character file.

Game seed: 17082869388157862063

141 bande the Covered (level 5, -6/33 HPs)
             Began as a Gargoyle Fighter on Oct 13, 2021.
             Mangled by an ogre (21 damage)
             ... on level 4 of the Dungeon.
             The game lasted 00:04:21 (2953 turns).

bande the Covered (Gargoyle Fighter)                Turns: 2953, Time: 00:04:21

Health: -6/33      AC: 14    Str: 20    XL:     5   Next: 24%
Magic:  5/5        EV:  7    Int:  9    God:
Gold:   120        SH:  4    Dex:  9    Spells: 4/4 levels left

rFire   . . .      SeeInvis .   a - +0 war axe
rCold   . . .      Faith    .   c - +0 buckler
rNeg    + . .      Spirit   .   g - +0 chain mail
rPois   ∞          Reflect  .   (no helmet)
rElec   +          Harm     .   (no cloak)
rCorr   .          Rampage  .   (no gloves)
Will    .....                   f - +0 pair of boots
Stlth   ..........              (no amulet)
HPRegen 0.11/turn               (no ring)
MPRegen 0.09/turn               (no ring)

@: brilliant
A: sickness immunity, AC +4, negative energy resistance 1, electricity
resistance, torment resistance 1, petrification resistance
a: no special abilities


You were on level 4 of the Dungeon.
You visited 1 branch of the dungeon, and saw 4 of its levels.

You collected 120 gold pieces.

Inventory:

Hand Weapons
 a - a +0 war axe (weapon)
Armour
 c - a +0 buckler (worn)
 f - a +0 pair of boots (worn)
 g - a +0 chain mail (worn)
Wands
 h - a wand of flame (18)
Potions
 b - 2 potions of magic
 d - 2 potions of might
 e - a potion of cancellation
 i - a potion of flight


   Skills:
 + Level 3.8 Fighting
 + Level 3.4 Axes
 + Level 4.3 Armour
 + Level 3.7 Shields
 * Level 0.1 Evocations


You had 4 spell levels left.
You didn't know any spells.
Your spell library was empty.

Dungeon Overview and Level Annotations

Branches:
Dungeon (4/15)
 Temple: D:4-7

Altars:
Xom


Innate Abilities, Weirdness & Mutations

You are immune to sickness and miasma.
Your stone body is resilient. (AC +4)
You are immune to poison.
You resist negative energy. (rN+)
You are resistant to electric shocks. (rElec)
You are resistant to unholy torment.
You are immune to petrification.


Message History

The ogre is lightly wounded.
The ogre barely misses you.
You hit the ogre.
The ogre is lightly wounded.
The ogre closely misses you.
You barely miss the ogre.
The ogre is lightly wounded.
The ogre barely misses you.
You slash the ogre!
The ogre is moderately wounded.
The ogre hits you but does no damage.
You slash the ogre!
The ogre is severely wounded.
The ogre barely misses you.
You barely miss the ogre.
The ogre is severely wounded.
The ogre hits you but does no damage.
You hit the ogre.
The ogre is almost dead.
The ogre barely misses you.
You barely miss the ogre.
The ogre is almost dead.
The ogre hits you with a +0 giant club!!
Ouch! That really hurt!
You are too injured to fight recklessly!
You are too injured to fight recklessly!
You are too injured to fight recklessly!
You are too injured to fight recklessly!
You are too injured to fight recklessly!
You are too injured to fight recklessly!
You are too injured to fight recklessly!
You are too injured to fight recklessly!
You hit the ogre but do no damage.
The ogre is almost dead.
The ogre closely misses you.
You hit the ogre.
The ogre is almost dead.
The ogre hits you with a +0 giant club!!
Ouch! That really hurt!
You die...

#.###.######
#:.......!.
........)
....<^. .....#
. ..... ##.
#O#.# ## ....
#@#.# #...
##..##.#.# .#.#
........=.##..#
.##..........##
#.###.......##
# #........#
.#.###.#.##.#..
#......<.# .# .
.#.###.### .


You could see an ogre.

Vanquished Creatures
  A bullfrog zombie (D:3)
  Terence (D:2)
  3 adders
  A worm (D:3)
  2 dart slugs
  2 orcs (D:2)
  6 ball pythons
  3 endoplasms
  3 giant cockroaches
  3 hobgoblins
  5 kobolds
  4 quokkas (D:3)
  4 bats
  2 frilled lizards (D:3)
  5 goblins
  6 rats
51 creatures vanquished.

Vanquished Creatures (others)
  2 withered plants (D:3)
2 creatures vanquished.

Grand Total: 53 creatures vanquished

Notes
Turn   | Place    | Note
-------+----------+-------------------------------------------
     0 | D:1      | bande the Gargoyle Fighter began the quest for the Orb.
     0 | D:1      | Reached XP level 1. HP: 14/14 MP: 1/1
   105 | D:1      | Reached XP level 2. HP: 14/19 MP: 2/2
   831 | D:2      | Reached XP level 3. HP: 23/23 MP: 3/3
  1033 | D:2      | Reached skill level 4 in Armour
  1166 | D:2      | Found a shimmering altar of Xom.
  1222 | D:2      | Noticed Terence
  1235 | D:2      | Killed Terence
  1236 | D:2      | Reached XP level 4. HP: 9/29 MP: 4/4
  2233 | D:3      | Reached XP level 5. HP: 33/33 MP: 5/5
  2462 | D:3      | Found a faded altar of an unknown god.
  2939 | D:4      | Noticed an ogre
  2953 | D:4      | Mangled by an ogre

Illustrated notes

Levels and vault maps discovered:
D:1:      scummos_arrival_simple_fountains, layout_loops_cross
D:2:      layout_basic, basic_altar, guppyfry_early_lair_pool, uniq_terence
D:3:      layout_basic, ebering_ecumenical_altar_petrified,
          chequers_serial_rivers_micro_e, corexii_item_surrounded_by_moat
D:4:      layout_loops_ring, minmay_box_of_dots, uniq_sigmund

Skill      XL: |  1  2  3  4 |
---------------+-------------+-----
Axes           | 2 3 |  3.4
Armour         | 4 |  4.3
Fighting       | |  3.8
Shields        | |  3.7
Evocations     | |  0.1

Action                   |  1- 3 |  4- 6 || total
-------------------------+-------+-------++-------
Melee: War axe           |    92 |   102 ||   194
  Use: Scroll            |     2 |     2 ||     4
       Potion            |     2 |     2 ||     4
Armor: Scale mail        |    43 |       ||    43
       Chain mail        |    15 |    71 ||    86
Dodge: Dodged            |    49 |    42 ||    91
Block: Buckler           |    19 |    14 ||    33

Table legend: (Time is in decaauts)
 A = Elapsed time spent in this place.
 B = Non-inter-level travel time spent in this place.
 C = Inter-level travel time spent in this place.
 D = Time resting spent in this place.
 E = Time spent auto-exploring this place.
 F = Levels seen in this place.
 G = Mean time per level.
                   A        B        C        D        E       F      G
               +--------+--------+--------+--------+--------+-----+--------+
         Total |   3028 |   3028 |      0 |    321 |   2143 |   4 |  757.0 |
       Dungeon |   3028 |   3028 |      0 |    321 |   2143 |   4 |  757.0 |
               +--------+--------+--------+--------+--------+-----+--------+

Top non-repeatable levels by time:
     D:2: 1188 daAuts
     D:3: 967 daAuts
     D:1: 849 daAuts
     D:4: 23 daAuts
